Bruins vs Penguins

Created - March 6 2012 at 16:53

Goals
1 2 3 T
Bruins 0 0 2 2
Penguins 2 0 1 3
Shots
1 2 3 T
Bruins 2 2 12 16
Penguins 16 9 5 30

Period #1

1. Penguins , Lubomir Visnovsky 19 (Joe Pavelski, Alexander Edler) at 13:38
2. Penguins , James Neal 13 (Kevin Bieksa, Mark Recchi) at 16:06

Penalties :
Tobias Enstrom (BOS) for Boarding (Minor) at 0:26, Brad Richards (PIT) for Fighting (Major) at 2:01, Adam McQuaid (BOS) for Fighting (Major) at 2:01, Adam McQuaid (BOS) for instigated a fight (Game Misconduct) at 2:01, Matt Moulson (PIT) for Roughing (Minor) at 6:19, Dennis Seidenberg (BOS) for Hooking (Minor) at 9:33, Zdeno Chara (BOS) for Tripping (Minor) at 13:53, Zach Bogosian (BOS) for Roughing (Minor) at 17:06

Period #2

No Goal

Penalties :
Milan Lucic (BOS) for Interference (Minor) at 0:45, Chris Kelly (BOS) for Slashing (Minor) at 2:24, Zdeno Chara (BOS) for Slashing (Minor) at 5:16, Kris Letang (PIT) for Hooking (Minor) at 7:36, Alexander Edler (PIT) for Hooking (Minor) at 13:53

Period #3

3. Bruins , Derick Brassard 15 (Zdeno Chara, Jordan Leopold) at 7:28
4. Penguins , Ryan Callahan 23 (Kris Letang, Ryan Suter) at 10:11
5. Bruins , Ales Hemsky 27 (Patrice Bergeron, Chris Kunitz) at 15:26

Penalties :
Mark Recchi (PIT) for Roughing (Minor) at 0:03, Milan Lucic (BOS) for Holding (Minor) at 1:41, Kris Letang (PIT) for Delaying the game (Minor) at 3:59, Kris Letang (PIT) for Holding Stick (Minor) at 8:01, Alex Steen (PIT) for Cross-checking (Minor) at 12:32, Tyler Seguin (BOS) for Hooking (Minor) at 17:40

Goalie Stats

Cam Ward (BOS), 27 saves from 30 shots - (0.900), L, 39-15-1, 59:45 minutes
Marc-Andre Fleury (PIT), 14 saves from 16 shots - (0.875), W, 28-13-3, 60:00 minutes

Players Stats

Bruins
Player Name              G  A  P  +/- PIM S  H  SB FO    MP 
------------------------------------------------------------
Adam McQuaid             0  0  0   0  17  0  0  0  0/0   0  
Ales Hemsky              1  0  1   1  0   2  0  0  0/0   15 
Brad Marchand            0  0  0   0  0   1  1  0  1/1   13 
Chris Kelly              0  0  0  -1  2   0  1  0  8/10  19 
Chris Kunitz             0  1  1   1  0   0  2  0  0/1   16 
David Krejci             0  0  0   0  0   1  2  0  7/19  22 
Dennis Seidenberg        0  0  0  -1  2   0  4  2  0/0   25 
Derick Brassard          1  0  1   0  0   1  1  0  4/12  12 
Evander Kane             0  0  0   0  0   1  1  1  1/1   6  
Jordan Leopold           0  1  1   0  0   3  0  0  0/0   21 
Milan Lucic              0  0  0   0  4   3  5  0  1/1   19 
Nathan Horton            0  0  0   0  0   1  1  0  1/3   16 
Patrice Bergeron         0  1  1   1  0   1  0  0  12/35 18 
Rich Peverley            0  0  0  -2  0   0  0  0  0/0   11 
Tobias Enstrom           0  0  0  -1  2   1  0  2  0/0   18 
Tyler Seguin             0  0  0  -2  2   0  1  0  3/9   15 
Zach Bogosian            0  0  0  -1  2   0  1  1  0/0   10 
Zdeno Chara              0  1  1   0  4   1  1  1  0/0   25 
Penguins
Player Name              G  A  P  +/- PIM S  H  SB FO    MP 
------------------------------------------------------------
Alex Steen               0  0  0  -1  2   0  1  1  0/0   14 
Alexander Edler          0  1  1   0  2   2  0  0  0/0   23 
Brad Richards            0  0  0  -1  5   2  1  0  20/32 20 
Brooks Orpik             0  0  0   0  0   0  0  1  0/0   9  
Dan Girardi              0  0  0  -1  0   1  0  2  0/0   23 
Drew Stafford            0  0  0   0  0   0  0  0  1/1   12 
Jake Dowell              0  0  0   0  0   0  0  0  0/0   0  
James Neal               1  0  1   2  0   3  4  0  2/6   13 
Jason Pominville         0  0  0  -1  0   2  1  0  1/1   17 
Joe Pavelski             0  1  1   0  0   1  1  0  23/34 22 
Kevin Bieksa             0  1  1   2  0   1  1  0  0/0   9  
Kris Letang              0  1  1   2  6   0  1  0  0/0   13 
Lubomir Visnovsky        1  0  1   0  0   4  0  2  0/0   19 
Mark Letestu             0  0  0   2  0   0  0  0  7/15  16 
Mark Recchi              0  1  1   1  2   1  1  0  0/1   15 
Matt Moulson             0  0  0   0  2   0  2  0  0/1   16 
Ryan Callahan            1  0  1   1  0   11 3  0  0/1   21 
Ryan Suter               0  1  1  -1  0   2  0  1  0/0   24 

3 Stars

1 - James Neal (PIT)
2 - Ryan Callahan (PIT)
3 - Ales Hemsky (BOS)

Power Play

Bruins - 0 on 7 Attempt(s) - 0.00%
Penguins - 0 on 10 Attempt(s) - 0.00%

Penalty Kill

Bruins - 10 on 10 Attempt(s) - 100.00% - Score 0 goal in Penalty Kill
Penguins - 7 on 7 Attempt(s) - 100.00% - Score 0 goal in Penalty Kill

Game Notes

Brad Richards beats up Adam McQuaid at 2:01 of 1st period
Adam McQuaid ejected from game at 2:01 of 1st period
Zach Bogosian is injured at 4:53 of 2nd period (Torso)

Finance

Level 1 -- Attendance: 5552 (85.42%) -- Ticket Income $532,992.00
Level 2 -- Attendance: 5000 (100.00%) -- Ticket Income $260,000.00
Level 3 -- Attendance: 2609 (74.54%) -- Ticket Income $91,315.00
Level 4 -- Attendance: 2087 (100.00%) -- Ticket Income $41,740.00
Luxury Box -- Attendance: 767 (76.70%) -- Ticket Income $161,070.00
Game was played at the Consol Energy Center
Total Attendance: 16015 (88.54%)
Total Ticket Income: $1,112,934.00
Other Income: $223,495.80
Total Income: $1,336,430.00


Play by Play

Period #1

0:01 of 1st period - Milan Lucic wins face-off versus Joe Pavelski in neutral zone.
0:20 of 1st period - Shot by Milan Lucic.
0:20 of 1st period - Stopped by Marc-Andre Fleury without a rebound.
0:21 of 1st period - Brad Richards wins face-off versus Patrice Bergeron in Penguins zone.
0:21 of 1st period - Brad Richards is hit by Chris Kunitz.
0:26 of 1st period - Minor Penalty to Tobias Enstrom for Boarding.
0:27 of 1st period - Joe Pavelski wins face-off versus Patrice Bergeron in Bruins zone.
0:28 of 1st period - Shot by Ryan Callahan.
0:28 of 1st period - Stopped by Cam Ward without a rebound.
0:29 of 1st period - Drew Stafford wins face-off versus David Krejci in Bruins zone.
0:42 of 1st period - Shot by Ryan Callahan.
0:42 of 1st period - Shot Misses the Net.
0:44 of 1st period - Shot by Ryan Callahan.
0:44 of 1st period - Stopped by Cam Ward without a rebound.
0:45 of 1st period - Brad Richards wins face-off versus Patrice Bergeron in Bruins zone.
1:04 of 1st period - Shot by Alexander Edler.
1:04 of 1st period - Shot Blocked by Dennis Seidenberg.
1:06 of 1st period - Shot by Lubomir Visnovsky.
1:06 of 1st period - Stopped by Cam Ward without a rebound.
1:07 of 1st period - Patrice Bergeron wins face-off versus Joe Pavelski in Bruins zone.
2:01 of 1st period - Brad Richards beats up Adam McQuaid.
2:01 of 1st period - Penalty to Brad Richards for Fighting.
2:01 of 1st period - Penalty to Adam McQuaid for Fighting.
2:01 of 1st period - Penalty to Adam McQuaid for instigated a fight.
2:01 of 1st period - Adam McQuaid is ejected from game.
2:02 of 1st period - Tyler Seguin wins face-off versus James Neal in Penguins zone.
2:41 of 1st period - Shot by Jason Pominville.
2:41 of 1st period - Stopped by Cam Ward without a rebound.
2:42 of 1st period - Joe Pavelski wins face-off versus Patrice Bergeron in Bruins zone.
2:42 of 1st period - Joe Pavelski is hit by Dennis Seidenberg.
2:50 of 1st period - Shot by Ryan Suter.
2:50 of 1st period - Deflect By Ryan Callahan.
2:50 of 1st period - Stopped by Cam Ward without a rebound.
2:51 of 1st period - Brad Marchand wins face-off versus Joe Pavelski in Bruins zone.
3:05 of 1st period - Off-side.
3:06 of 1st period - James Neal wins face-off versus Patrice Bergeron in neutral zone.
3:17 of 1st period - Shot by Matt Moulson.
3:17 of 1st period - Deflect By James Neal.
3:17 of 1st period - Shot Misses the Net.
4:05 of 1st period - Shot by Chris Kelly.
4:05 of 1st period - Shot Blocked by Brooks Orpik.
4:07 of 1st period - Shot by Chris Kelly.
4:07 of 1st period - Shot Misses the Net.
4:17 of 1st period - Shot by Dennis Seidenberg.
4:17 of 1st period - Shot Misses the Net.
4:45 of 1st period - Shot by Patrice Bergeron.
4:45 of 1st period - Stopped by Marc-Andre Fleury without a rebound.
4:46 of 1st period - Joe Pavelski wins face-off versus Patrice Bergeron in Penguins zone.
4:59 of 1st period - Shot by Alex Steen.
4:59 of 1st period - Shot Misses the Net.
5:03 of 1st period - Shot by Joe Pavelski.
5:03 of 1st period - Shot Misses the Net.
5:05 of 1st period - Shot by Dan Girardi.
5:05 of 1st period - Stopped by Cam Ward without a rebound.
5:06 of 1st period - Joe Pavelski wins face-off versus Derick Brassard in Bruins zone.
5:20 of 1st period - Icing by Jordan Leopold.
5:21 of 1st period - Derick Brassard wins face-off versus James Neal in Bruins zone.
5:21 of 1st period - Derick Brassard is hit by James Neal.
5:34 of 1st period - Icing by Ryan Suter.
5:35 of 1st period - Chris Kelly wins face-off versus James Neal in Penguins zone.
6:05 of 1st period - Zach Bogosian is hit by James Neal.
6:19 of 1st period - Minor Penalty to Matt Moulson for Roughing.
6:20 of 1st period - David Krejci wins face-off versus Mark Letestu in Penguins zone.
6:47 of 1st period - Icing by Tobias Enstrom.
6:48 of 1st period - Joe Pavelski wins face-off versus David Krejci in Bruins zone.
6:48 of 1st period - Ryan Suter is hit by Zdeno Chara and loses puck.
7:18 of 1st period - Icing by Nathan Horton.
7:19 of 1st period - Tyler Seguin wins face-off versus Mark Recchi in Bruins zone.
8:18 of 1st period - Shot by Tobias Enstrom.
8:18 of 1st period - Shot Blocked by Dan Girardi.
8:24 of 1st period - Shot by Ryan Callahan.
8:24 of 1st period - Deflect By Mark Letestu.
8:24 of 1st period - Shot Misses the Net.
8:26 of 1st period - Shot by Kris Letang.
8:26 of 1st period - Shot Blocked by Evander Kane.
8:28 of 1st period - Shot by Ryan Callahan.
8:28 of 1st period - Stopped by Cam Ward without a rebound.
8:29 of 1st period - Joe Pavelski wins face-off versus Derick Brassard in Bruins zone.
9:29 of 1st period - Ryan Callahan is hit by Zach Bogosian and loses puck.
9:33 of 1st period - Minor Penalty to Dennis Seidenberg for Hooking.
9:34 of 1st period - Patrice Bergeron wins face-off versus Joe Pavelski in Bruins zone.
9:45 of 1st period - Shot by Ryan Callahan.
9:45 of 1st period - Shot Misses the Net.
9:47 of 1st period - Shot by Ryan Callahan.
9:47 of 1st period - Stopped by Cam Ward without a rebound.
9:48 of 1st period - Patrice Bergeron wins face-off versus Brad Richards in Bruins zone.
9:48 of 1st period - Patrice Bergeron is hit by Matt Moulson.
11:42 of 1st period - Shot by Mark Recchi.
11:42 of 1st period - Stopped by Cam Ward without a rebound.
11:43 of 1st period - Chris Kelly wins face-off versus Mark Letestu in Bruins zone.
11:43 of 1st period - Chris Kelly is hit by James Neal.
11:55 of 1st period - Shot by Ryan Callahan.
11:55 of 1st period - Shot Misses the Net.
12:20 of 1st period - Icing by Kevin Bieksa.
12:21 of 1st period - Mark Letestu wins face-off versus Patrice Bergeron in Penguins zone.
12:42 of 1st period - Off-side.
12:43 of 1st period - Evander Kane wins face-off versus Brad Richards in neutral zone.
12:52 of 1st period - Ryan Suter is hit by Evander Kane and loses puck.
13:08 of 1st period - Shot by Jason Pominville.
13:08 of 1st period - Shot Blocked by Zdeno Chara.
13:10 of 1st period - Shot by Ryan Suter.
13:10 of 1st period - Stopped by Cam Ward without a rebound.
13:11 of 1st period - Joe Pavelski wins face-off versus Chris Kelly in Bruins zone.
13:38 of 1st period - Shot by Lubomir Visnovsky.
13:38 of 1st period - Goal by Lubomir Visnovsky - Bruins : 0 - Penguins : 1.
13:39 of 1st period - Brad Richards wins face-off versus Nathan Horton in neutral zone.
13:53 of 1st period - Minor Penalty to Zdeno Chara for Tripping.
13:54 of 1st period - Brad Richards wins face-off versus Patrice Bergeron in Bruins zone.
13:54 of 1st period - Lubomir Visnovsky is hit by David Krejci and loses puck.
13:57 of 1st period - Shot by Alexander Edler.
13:57 of 1st period - Stopped by Cam Ward without a rebound.
13:58 of 1st period - Brad Richards wins face-off versus Patrice Bergeron in Bruins zone.
14:50 of 1st period - Off-side.
14:51 of 1st period - Joe Pavelski wins face-off versus Patrice Bergeron in neutral zone.
14:54 of 1st period - Chris Kelly is hit by Ryan Callahan and loses puck.
15:04 of 1st period - Icing by Joe Pavelski.
15:05 of 1st period - Joe Pavelski wins face-off versus Patrice Bergeron in Penguins zone.
16:02 of 1st period - Shot by James Neal.
16:02 of 1st period - Stopped by Cam Ward with a rebound.
16:04 of 1st period - Shot by Kevin Bieksa.
16:04 of 1st period - Stopped by Cam Ward with a rebound.
16:06 of 1st period - Shot by James Neal.
16:06 of 1st period - Goal by James Neal - Bruins : 0 - Penguins : 2.
16:07 of 1st period - Chris Kelly wins face-off versus Joe Pavelski in neutral zone.
16:31 of 1st period - Shot by Chris Kelly.
16:31 of 1st period - Shot Misses the Net.
17:06 of 1st period - Minor Penalty to Zach Bogosian for Roughing.
17:07 of 1st period - Brad Richards wins face-off versus Patrice Bergeron in Bruins zone.
17:35 of 1st period - Shot by Lubomir Visnovsky.
17:35 of 1st period - Stopped by Cam Ward with a rebound.
19:33 of 1st period - Shot by Mark Recchi.
19:33 of 1st period - Shot Misses the Net.
19:35 of 1st period - Shot by James Neal.
19:35 of 1st period - Shot Misses the Net.

Period #2

0:01 of 2nd period - Joe Pavelski wins face-off versus David Krejci in neutral zone.
0:03 of 2nd period - Off-side.
0:04 of 2nd period - Joe Pavelski wins face-off versus David Krejci in neutral zone.
0:45 of 2nd period - Minor Penalty to Milan Lucic for Interference.
0:46 of 2nd period - Patrice Bergeron wins face-off versus Ryan Callahan in Bruins zone.
0:46 of 2nd period - Patrice Bergeron is hit by Ryan Callahan.
1:04 of 2nd period - Shot by Ryan Suter.
1:04 of 2nd period - Stopped by Cam Ward without a rebound.
1:05 of 2nd period - Patrice Bergeron wins face-off versus Brad Richards in Bruins zone.
1:14 of 2nd period - Zach Bogosian is hit by Brad Richards and loses puck.
1:27 of 2nd period - Shot by Brad Richards.
1:27 of 2nd period - Shot Misses the Net.
1:29 of 2nd period - Shot by Alexander Edler.
1:29 of 2nd period - Stopped by Cam Ward without a rebound.
1:30 of 2nd period - Joe Pavelski wins face-off versus Patrice Bergeron in Bruins zone.
1:59 of 2nd period - Shot by Ryan Callahan.
1:59 of 2nd period - Stopped by Cam Ward without a rebound.
2:00 of 2nd period - Patrice Bergeron wins face-off versus Brad Richards in Bruins zone.
2:24 of 2nd period - Minor Penalty to Chris Kelly for Slashing.
2:25 of 2nd period - Joe Pavelski wins face-off versus Tyler Seguin in Bruins zone.
3:57 of 2nd period - Shot by Ryan Callahan.
3:57 of 2nd period - Shot Misses the Net.
3:59 of 2nd period - Shot by James Neal.
3:59 of 2nd period - Stopped by Cam Ward without a rebound.
4:00 of 2nd period - Brad Richards wins face-off versus Patrice Bergeron in Bruins zone.
4:21 of 2nd period - Icing by Kris Letang.
4:22 of 2nd period - Brad Richards wins face-off versus Patrice Bergeron in Penguins zone.
4:36 of 2nd period - Icing by Kevin Bieksa.
4:37 of 2nd period - Mark Letestu wins face-off versus Patrice Bergeron in Penguins zone.
4:44 of 2nd period - Patrice Bergeron is hit by James Neal and loses puck.
4:53 of 2nd period - Shot by Ryan Callahan.
4:53 of 2nd period - Shot Blocked by Zach Bogosian.
4:53 of 2nd period - Zach Bogosian from Bruins is injured at 4:53 of 2nd period (Torso).
4:54 of 2nd period - Chris Kelly wins face-off versus Brad Richards in Bruins zone.
4:54 of 2nd period - Chris Kelly is hit by Alex Steen.
5:10 of 2nd period - Shot by Rich Peverley.
5:10 of 2nd period - Shot Misses the Net.
5:15 of 2nd period - Jason Pominville is hit by Dennis Seidenberg.
5:16 of 2nd period - Minor Penalty to Zdeno Chara for Slashing.
5:17 of 2nd period - David Krejci wins face-off versus Joe Pavelski in Bruins zone.
5:17 of 2nd period - David Krejci is hit by Ryan Callahan.
5:28 of 2nd period - Icing by Ryan Suter.
5:29 of 2nd period - Joe Pavelski wins face-off versus Patrice Bergeron in Penguins zone.
5:29 of 2nd period - Joe Pavelski is hit by Milan Lucic.
5:40 of 2nd period - Icing by Ryan Suter.
5:41 of 2nd period - Joe Pavelski wins face-off versus David Krejci in Penguins zone.
5:47 of 2nd period - Off-side.
5:48 of 2nd period - Brad Richards wins face-off versus Patrice Bergeron in neutral zone.
6:09 of 2nd period - Shot by Matt Moulson.
6:09 of 2nd period - Deflect By Brad Richards.
6:09 of 2nd period - Stopped by Cam Ward without a rebound.
6:10 of 2nd period - Brad Richards wins face-off versus David Krejci in Bruins zone.
7:36 of 2nd period - Minor Penalty to Kris Letang for Hooking.
7:37 of 2nd period - Brad Richards wins face-off versus David Krejci in Penguins zone.
8:41 of 2nd period - Dan Girardi is hit by Milan Lucic and loses puck.
9:05 of 2nd period - Icing by Zdeno Chara.
9:06 of 2nd period - Mark Letestu wins face-off versus Derick Brassard in Bruins zone.
9:42 of 2nd period - Shot by Jordan Leopold.
9:42 of 2nd period - Stopped by Marc-Andre Fleury without a rebound.
9:43 of 2nd period - Joe Pavelski wins face-off versus Chris Kelly in Penguins zone.
10:06 of 2nd period - Shot by Ryan Callahan.
10:06 of 2nd period - Shot Blocked by Dennis Seidenberg.
10:08 of 2nd period - Shot by Ryan Callahan.
10:08 of 2nd period - Stopped by Cam Ward with a rebound.
10:10 of 2nd period - Shot by Joe Pavelski.
10:10 of 2nd period - Shot Misses the Net.
10:14 of 2nd period - Shot by Kris Letang.
10:14 of 2nd period - Shot Misses the Net.
11:00 of 2nd period - Shot by Brad Richards.
11:00 of 2nd period - Stopped by Cam Ward without a rebound.
11:01 of 2nd period - Joe Pavelski wins face-off versus David Krejci in Bruins zone.
11:34 of 2nd period - Shot by Joe Pavelski.
11:34 of 2nd period - Stopped by Cam Ward without a rebound.
11:35 of 2nd period - Mark Letestu wins face-off versus Patrice Bergeron in Bruins zone.
12:42 of 2nd period - Shot by Derick Brassard.
12:42 of 2nd period - Shot Misses the Net.
12:46 of 2nd period - Shot by Zdeno Chara.
12:46 of 2nd period - Shot Misses the Net.
12:50 of 2nd period - Shot by Brad Marchand.
12:50 of 2nd period - Stopped by Marc-Andre Fleury without a rebound.
12:51 of 2nd period - Brad Richards wins face-off versus Tyler Seguin in Penguins zone.
12:51 of 2nd period - Ryan Suter is hit by Milan Lucic and loses puck.
13:03 of 2nd period - Shot by Jason Pominville.
13:03 of 2nd period - Shot Misses the Net.
13:11 of 2nd period - Shot by Brad Richards.
13:11 of 2nd period - Shot Blocked by Tobias Enstrom.
13:46 of 2nd period - Off-side.
13:47 of 2nd period - Patrice Bergeron wins face-off versus Matt Moulson in neutral zone.
13:53 of 2nd period - Minor Penalty to Alexander Edler for Hooking.
13:54 of 2nd period - Mark Letestu wins face-off versus David Krejci in Penguins zone.
13:54 of 2nd period - Mark Letestu is hit by David Krejci.
15:21 of 2nd period - Icing by Tobias Enstrom.
15:22 of 2nd period - James Neal wins face-off versus Chris Kunitz in Bruins zone.
15:31 of 2nd period - Shot by Alex Steen.
15:31 of 2nd period - Shot Blocked by Tobias Enstrom.
16:21 of 2nd period - Shot by Matt Moulson.
16:21 of 2nd period - Shot Misses the Net.
16:52 of 2nd period - Ryan Callahan is hit by Dennis Seidenberg and loses puck.
16:58 of 2nd period - Mark Letestu is hit by Dennis Seidenberg and loses puck.
17:33 of 2nd period - Shot by Nathan Horton.
17:33 of 2nd period - Shot Misses the Net.
18:29 of 2nd period - Icing by Lubomir Visnovsky.
18:30 of 2nd period - Joe Pavelski wins face-off versus Derick Brassard in Penguins zone.
18:32 of 2nd period - Icing by Lubomir Visnovsky.
18:33 of 2nd period - Joe Pavelski wins face-off versus Derick Brassard in Penguins zone.
18:38 of 2nd period - Zdeno Chara is hit by Mark Recchi and loses puck.
19:12 of 2nd period - Off-side.
19:13 of 2nd period - Patrice Bergeron wins face-off versus Mark Letestu in neutral zone.
19:34 of 2nd period - Shot by Ryan Callahan.
19:34 of 2nd period - Stopped by Cam Ward without a rebound.
19:35 of 2nd period - Chris Kelly wins face-off versus Brad Richards in Bruins zone.
19:35 of 2nd period - Chris Kelly is hit by Jason Pominville.
19:52 of 2nd period - Off-side.
19:53 of 2nd period - David Krejci wins face-off versus Mark Letestu in neutral zone.

Period #3

0:01 of 3rd period - David Krejci wins face-off versus Joe Pavelski in neutral zone.
0:03 of 3rd period - Minor Penalty to Mark Recchi for Roughing.
0:04 of 3rd period - David Krejci wins face-off versus Mark Letestu in Penguins zone.
0:13 of 3rd period - Shot by Zdeno Chara.
0:13 of 3rd period - Stopped by Marc-Andre Fleury without a rebound.
0:14 of 3rd period - Tyler Seguin wins face-off versus Brad Richards in Penguins zone.
0:19 of 3rd period - Shot by Milan Lucic.
0:19 of 3rd period - Shot Misses the Net.
0:21 of 3rd period - Shot by Dennis Seidenberg.
0:21 of 3rd period - Shot Misses the Net.
0:25 of 3rd period - Shot by Dennis Seidenberg.
0:25 of 3rd period - Deflect By Milan Lucic.
0:25 of 3rd period - Stopped by Marc-Andre Fleury without a rebound.
0:26 of 3rd period - David Krejci wins face-off versus Mark Letestu in Penguins zone.
0:40 of 3rd period - Icing by Chris Kunitz.
0:41 of 3rd period - Brad Richards wins face-off versus David Krejci in Bruins zone.
1:40 of 3rd period - Shot by Jordan Leopold.
1:40 of 3rd period - Stopped by Marc-Andre Fleury without a rebound.
1:41 of 3rd period - Brad Richards wins face-off versus Tyler Seguin in Penguins zone.
1:41 of 3rd period - Minor Penalty to Milan Lucic for Holding.
1:42 of 3rd period - Chris Kelly wins face-off versus Brad Richards in Bruins zone.
1:53 of 3rd period - Shot by Evander Kane.
1:53 of 3rd period - Stopped by Marc-Andre Fleury with a rebound.
2:44 of 3rd period - Shot by Joe Pavelski.
2:44 of 3rd period - Shot Misses the Net.
3:06 of 3rd period - Shot by Lubomir Visnovsky.
3:06 of 3rd period - Stopped by Cam Ward without a rebound.
3:07 of 3rd period - Brad Richards wins face-off versus Patrice Bergeron in Bruins zone.
3:28 of 3rd period - Shot by Jason Pominville.
3:28 of 3rd period - Shot Misses the Net.
3:57 of 3rd period - Tobias Enstrom is hit by Kris Letang and loses puck.
3:59 of 3rd period - Minor Penalty to Kris Letang for Delaying the game.
4:00 of 3rd period - Brad Richards wins face-off versus Tyler Seguin in Penguins zone.
4:00 of 3rd period - Brad Richards is hit by Milan Lucic.
4:22 of 3rd period - Shot by Dennis Seidenberg.
4:22 of 3rd period - Shot Misses the Net.
4:58 of 3rd period - Shot by Tobias Enstrom.
4:58 of 3rd period - Deflect By Ales Hemsky.
4:58 of 3rd period - Stopped by Marc-Andre Fleury without a rebound.
4:59 of 3rd period - Brad Richards wins face-off versus Derick Brassard in Penguins zone.
4:59 of 3rd period - Alex Steen is hit by Chris Kunitz.
6:19 of 3rd period - Shot by Ryan Callahan.
6:19 of 3rd period - Shot Misses the Net.
6:23 of 3rd period - Shot by Ryan Callahan.
6:23 of 3rd period - Stopped by Cam Ward with a rebound.
6:25 of 3rd period - Shot by Ryan Callahan.
6:25 of 3rd period - Shot Misses the Net.
6:27 of 3rd period - Shot by Kevin Bieksa.
6:27 of 3rd period - Shot Misses the Net.
6:29 of 3rd period - Shot by Ryan Callahan.
6:29 of 3rd period - Stopped by Cam Ward without a rebound.
6:30 of 3rd period - Chris Kelly wins face-off versus Brad Richards in Bruins zone.
6:52 of 3rd period - Icing by Nathan Horton.
6:53 of 3rd period - Chris Kelly wins face-off versus Joe Pavelski in Bruins zone.
7:24 of 3rd period - Shot by Derick Brassard.
7:24 of 3rd period - Shot Blocked by Lubomir Visnovsky.
7:28 of 3rd period - Shot by Derick Brassard.
7:28 of 3rd period - Goal by Derick Brassard - Bruins : 1 - Penguins : 2.
7:29 of 3rd period - Patrice Bergeron wins face-off versus Mark Letestu in neutral zone.
7:35 of 3rd period - Chris Kunitz is hit by Kevin Bieksa and loses puck.
8:01 of 3rd period - Minor Penalty to Kris Letang for Holding Stick.
8:02 of 3rd period - Brad Richards wins face-off versus Tyler Seguin in Penguins zone.
8:13 of 3rd period - Shot by Zdeno Chara.
8:13 of 3rd period - Shot Blocked by Alex Steen.
8:17 of 3rd period - Shot by Milan Lucic.
8:17 of 3rd period - Stopped by Marc-Andre Fleury without a rebound.
8:18 of 3rd period - Mark Letestu wins face-off versus David Krejci in Penguins zone.
8:57 of 3rd period - Ryan Suter is hit by Nathan Horton and loses puck.
9:18 of 3rd period - Shot by Nathan Horton.
9:18 of 3rd period - Stopped by Marc-Andre Fleury without a rebound.
9:19 of 3rd period - Derick Brassard wins face-off versus Brad Richards in Penguins zone.
9:20 of 3rd period - Shot by Nathan Horton.
9:20 of 3rd period - Deflect By Derick Brassard.
9:20 of 3rd period - Shot Misses the Net.
10:11 of 3rd period - Shot by Ryan Callahan.
10:11 of 3rd period - Goal by Ryan Callahan - Bruins : 1 - Penguins : 3.
10:12 of 3rd period - Patrice Bergeron wins face-off versus Joe Pavelski in neutral zone.
11:30 of 3rd period - Icing by Kris Letang.
11:31 of 3rd period - Mark Letestu wins face-off versus Tyler Seguin in Penguins zone.
11:31 of 3rd period - Mark Letestu is hit by Tyler Seguin.
12:32 of 3rd period - Minor Penalty to Alex Steen for Cross-checking.
12:33 of 3rd period - Joe Pavelski wins face-off versus Nathan Horton in Penguins zone.
13:00 of 3rd period - Shot by Jordan Leopold.
13:00 of 3rd period - Stopped by Marc-Andre Fleury without a rebound.
13:01 of 3rd period - Brad Richards wins face-off versus Patrice Bergeron in Penguins zone.
13:25 of 3rd period - Jordan Leopold is hit by Joe Pavelski and loses puck.
13:46 of 3rd period - Dan Girardi is hit by Derick Brassard and loses puck.
13:53 of 3rd period - Shot by Zdeno Chara.
13:53 of 3rd period - Shot Blocked by Dan Girardi.
13:55 of 3rd period - Shot by Zdeno Chara.
13:55 of 3rd period - Shot Blocked by Ryan Suter.
14:28 of 3rd period - Shot by Tobias Enstrom.
14:28 of 3rd period - Stopped by Marc-Andre Fleury with a rebound.
14:35 of 3rd period - Icing by Kevin Bieksa.
14:36 of 3rd period - Joe Pavelski wins face-off versus Derick Brassard in Penguins zone.
14:36 of 3rd period - Kris Letang is hit by Brad Marchand and loses puck.
14:52 of 3rd period - Icing by Tobias Enstrom.
14:53 of 3rd period - Derick Brassard wins face-off versus Joe Pavelski in Bruins zone.
14:53 of 3rd period - Derick Brassard is hit by Matt Moulson.
14:58 of 3rd period - Icing by Tobias Enstrom.
14:59 of 3rd period - Derick Brassard wins face-off versus Mark Letestu in Bruins zone.
15:10 of 3rd period - Off-side.
15:11 of 3rd period - Patrice Bergeron wins face-off versus Brad Richards in neutral zone.
15:20 of 3rd period - Shot by Patrice Bergeron.
15:20 of 3rd period - Shot Hit the Post.
15:22 of 3rd period - Shot by Chris Kunitz.
15:22 of 3rd period - Deflect By Patrice Bergeron.
15:22 of 3rd period - Shot Misses the Net.
15:26 of 3rd period - Shot by Ales Hemsky.
15:26 of 3rd period - Goal by Ales Hemsky - Bruins : 2 - Penguins : 3.
15:27 of 3rd period - Patrice Bergeron wins face-off versus Joe Pavelski in neutral zone.
15:30 of 3rd period - Alexander Edler is hit by Milan Lucic and loses puck.
15:37 of 3rd period - Shot by David Krejci.
15:37 of 3rd period - Shot Blocked by Lubomir Visnovsky.
15:41 of 3rd period - Shot by Milan Lucic.
15:41 of 3rd period - Shot Misses the Net.
15:43 of 3rd period - Shot by David Krejci.
15:43 of 3rd period - Stopped by Marc-Andre Fleury without a rebound.
15:44 of 3rd period - Brad Richards wins face-off versus Patrice Bergeron in Penguins zone.
15:53 of 3rd period - Shot by Jason Pominville.
15:53 of 3rd period - Stopped by Cam Ward without a rebound.
15:54 of 3rd period - David Krejci wins face-off versus James Neal in Bruins zone.
17:21 of 3rd period - Icing by Dennis Seidenberg.
17:22 of 3rd period - Jason Pominville wins face-off versus Derick Brassard in Bruins zone.
17:24 of 3rd period - Alex Steen is hit by Chris Kelly and loses puck.
17:40 of 3rd period - Minor Penalty to Tyler Seguin for Hooking.
17:41 of 3rd period - Joe Pavelski wins face-off versus David Krejci in Bruins zone.
18:13 of 3rd period - Icing by Dan Girardi.
18:14 of 3rd period - Joe Pavelski wins face-off versus Patrice Bergeron in Penguins zone.
19:19 of 3rd period - Icing by Matt Moulson.
19:20 of 3rd period - Nathan Horton wins face-off versus Brad Richards in Penguins zone.
19:45 of 3rd period - Bruins, Cam Ward is pulled from the net.
19:51 of 3rd period - Shot by Milan Lucic.
19:51 of 3rd period - Shot Misses the Net.


Output by the SimonT Hockey Simulator (STHS) for Stephane Roy -- Original Page W3C XHTML 1.0 Valid